 Dungeon Crawl Stone Soup version 0.31-a0-240-gb923e448b6 (webtiles) character file.

Game seed: 9596615716002653999

400 Harunobu the Cudgeller (level 6, -10/13 HPs)
             Began as a Gargoyle Gladiator on July 12, 2023.
             Mangled by a gnoll
             ... wielding a +0 halberd
             ... led by a gnoll bouda
              (12 damage)
             ... on level 5 of the Dungeon.
             The game lasted 00:05:06 (2623 turns).

Harunobu the Cudgeller (Gargoyle Gladiator)         Turns: 2623, Time: 00:05:07

Health: -10/13     AC:  8    Str: 25    XL:     6   Next: 84%
Magic:  6/6        EV: 10    Int:  8    God:
Gold:   120        SH:  0    Dex: 11    Spells: 5/5 levels left

rFire   . . .        a - melded +0 flail
rCold   . . .        (shield currently unavailable)
rNeg    + . .        b - melded +0 leather armour
rPois   ∞            c - melded +0 helmet
rElec   .            (cloak currently unavailable)
rCorr   .            (gloves currently unavailable)
SInv    .            (boots currently unavailable)
Will    .....        (no amulet)
Stlth   +            (no ring)
HPRegen 0.22/turn    (no ring)
MPRegen 0.10/turn

%: no passive effects
@: snake-form
A: constrict, amphibious, reduced hp, sickness immunity, AC +4, large, negative
energy resistance 1, (electricity resistance), torment resistance 1,
petrification resistance
a: no special abilities


You were on level 5 of the Dungeon.
You were an enormous anaconda.
You visited 2 branches of the dungeon, and saw 7 of its levels.

You collected 120 gold pieces.

Inventory:

Hand Weapons
 a - a +0 flail (melded)
 j - a +0 whip
 p - a +3 spear
Missiles
 d - 3 throwing nets (quivered)
 e - a javelin
Armour
 b - a +0 leather armour (melded)
 c - a +0 helmet (melded)
 q - a +0 chain mail
Talismans
 f - a serpent talisman
 i - a beast talisman
Scrolls
 g - 4 scrolls of identify {unknown}
 l - 2 scrolls of noise {unknown}
 o - a scroll of torment {unknown}
Potions
 h - a potion of lignification {unknown}
 k - a potion of curing {unknown}
 m - a potion of brilliance {unknown}
 n - a potion of haste
 r - a potion of mutation {unknown}
 s - a potion of degeneration {unknown}


   Skills:
 + Level 4.2 Fighting
 + Level 4.5 Maces & Flails
 + Level 3.5 Throwing
 + Level 3.7 Dodging


You had 5 spell levels left.
You didn't know any spells.
Your spell library contained the following spells:

 Spells                   Type           Power      Damage    Failure   Level
 Apportation              Tloc           0%         N/A       93%         1


Dungeon Overview and Level Annotations

Branches:
Dungeon (6/15)             Temple (1/1) D:5

Altars:
Ashenzari
Dithmenos
Elyvilon
Fedhas
Hepliaklqana
Kikubaaqudgha
Makhleb
Ru
Sif Muna
Trog
Uskayaw
Wu Jian
Xom
Yredelemnul
The Shining One

Shops:
D:1 ?


Innate Abilities, Weirdness & Mutations

You are an enormous anaconda.
You have a powerful constriction melee attack.
You are amphibious.
Your maximum health is decreased, since you lack skill for your form.
Your spellcasting is less reliable in this form.
Your armour is entirely melded.
You are incapable of wielding weapons or throwing items.
You are immune to sickness and miasma.
((Your stone body is resilient. (AC +4)))
You are immune to poison.
You resist negative energy. (rN+)
((You are resistant to electric shocks. (rElec)))
You are resistant to unholy torment.
You are immune to petrification.


Message History

There is a staircase to the Ecumenical Temple here.
Found a granite talisman.
A gnoll comes into view. It is wielding a +0 halberd.
A gnoll bouda comes into view. It is wielding a +0 whip.
The gnoll moves out of view.
You see here a granite talisman.
A gnoll comes into view. It is wielding a +0 flail.
The gnoll bouda shouts!
The gnoll shouts!
You hear a shout!
The gnoll moves out of view.
A gnoll comes into view. It is wielding a +0 whip.
A gnoll comes into view. It is wielding a +0 spear.
An orc comes into view. It is wielding a +0 war axe.
The gnoll shouts!
The orc shouts!
You hit the gnoll bouda. You grab the gnoll bouda.
The gnoll bouda is lightly wounded.
You constrict the gnoll bouda.
The gnoll bouda barks out a call to the hunt!
The gnolls pick up the pace!
The gnoll closely misses you.
You hit the gnoll bouda but do no damage.
The gnoll bouda is moderately wounded.
You constrict the gnoll bouda. The gnoll closely misses you.
The gnoll bouda hits you with a +0 whip!
Ouch! That really hurt!
You lash the gnoll bouda!
You kill the gnoll bouda!
The gnoll hits you but does no damage.
An iguana comes into view.
The iguana hisses angrily.
The gnoll hits you but does no damage. The orc barely misses you.
The gnoll hits you with a +0 halberd.
The gnoll hits you from afar with a +0 spear.
* * * LOW HITPOINT WARNING * * *
There is a broken door here.
Things that are here:
a +0 whip; a +0 leather armour; a gnoll corpse The orc attacks as you move away!
The orc barely misses you.
The gnoll hits you from afar with a +0 halberd!
Ouch! That really hurt!
You die...

#...# ....... #...# #...
....... ###...######...
....... .....+....+...
....... ##...#..###...
......l #.............
....... #....#.⌠8.#...
.......#####.........#...
.....gogS..◑.##.>.⌠8.#...
......g########........#'
....... ###.⌠8...#.
....... #.....##. ....###
########. .... #. '8. #.
.# #. #.


You could see 3 gnolls and an orc.

Vanquished Creatures
  An ice beast (D:5)
  An ogre (D:5)
  A gnoll bouda (D:5)
  A sleepcap (D:5)
  Terence (D:3)
  An orc wizard (D:5)
  A gnoll (D:5)
  4 adders
  A white imp (D:3)
  An ufetubus (D:6)
  2 worms
  A dart slug (D:1)
  6 orcs (D:5)
  3 endoplasms
  3 giant cockroaches
  2 goblins
  5 hobgoblins
  4 kobolds
  2 quokkas
  2 ball pythons
  6 bats
  5 frilled lizards
  5 rats
59 creatures vanquished.

Notes
Turn   | Place    | Note
-------+----------+-------------------------------------------
     0 | D:1      | Harunobu the Gargoyle Gladiator began the quest for the
                  | Orb.
     0 | D:1      | Reached XP level 1. HP: 12/12 MP: 1/1
   162 | D:1      | Found Uter's Magic Scroll Shoppe.
   279 | D:1      | Reached XP level 2. HP: 6/18 MP: 2/2
   865 | D:2      | Reached XP level 3. HP: 7/22 MP: 3/3
   886 | D:2      | Found a bloodstained altar of Trog.
  1547 | D:3      | Reached XP level 4. HP: 9/27 MP: 4/4
  1690 | D:3      | Noticed Terence
  1693 | D:3      | Found a bloodstained altar of Trog.
  1698 | D:3      | Killed Terence
  1762 | D:3      | Found a shimmering blue altar of Sif Muna.
  1766 | D:3      | Got Sif Muna's Omnibus of Peregrination
  1775 | D:3      | You fall into a shaft and drop 3 floors!
  1816 | D:5      | Entered Level 5 of the Dungeon
  1873 | D:4      | Reached XP level 5. HP: 11/32 MP: 5/5
  1913 | D:4      | Noticed an ogre
  2159 | D:5      | Noticed an ice beast
  2166 | D:5      | Killed an ice beast
  2167 | D:5      | Reached XP level 6. HP: 13/38 MP: 6/6
  2369 | D:5      | Found a staircase to the Ecumenical Temple.
  2377 | Temple   | Entered the Ecumenical Temple
  2623 | D:5      | Mangled by a gnoll

Illustrated notes

Levels and vault maps discovered:
D:1:      psy_arrival_fountain, layout_loops_cross, serial_shops,
          nicolae_shop_behind_doors, serial_park_tiny_2
D:2:      layout_basic, serial_corexii_hall, chequers_hall_statues_wall_a,
          corexii_hall_statues_t, chequers_hall_statues_wall_a,
          chequers_hall_statues_wall_a, basic_altar
D:3:      layout_basic, nzn_overflow_gifts_of_might_and_magic,
          gammafunk_ghost_mausoleum, uniq_terence
D:4:      layout_cave_pods, minivault_14
D:5:      layout_basic, jmf_multi_god_temple2, grunt_qazlal_sundering,
          minmay_temple_entry_drinking_statues
D:6:      layout_rooms, nicolae_gozag_cash_rules_everything_around_me,
          uniq_duvessa
Temple:   compressed_dpeg_triangle_lava_temple

Skill      XL: |  1  2  3  4  5  6 |
---------------+-------------------+-----
Throwing       | 2 3 |  3.5
Fighting       | 3 4 |  4.2
Dodging        | 3 |  3.7
Maces & Flails | 4 |  4.5

Action                     |  1- 3 |  4- 6 || total
---------------------------+-------+-------++-------
  Melee: Unarmed           |    51 |    55 ||   106
         Constrict         |    15 |    17 ||    32
   Stab: Sleeping          |     1 |       ||     1
 Armour: Skin              |    24 |    14 ||    38
  Dodge: Dodged            |    24 |    29 ||    53
   Form: Anaconda          |     1 |       ||     1

Table legend: (Time is in decaauts)
 A = Elapsed time spent in this place.
 B = Non-inter-level travel time spent in this place.
 C = Inter-level travel time spent in this place.
 D = Time resting spent in this place.
 E = Time spent auto-exploring this place.
 F = Levels seen in this place.
 G = Mean time per level.
                   A        B        C        D        E       F      G
               +--------+--------+--------+--------+--------+-----+--------+
         Total |   2624 |   2590 |     34 |    214 |   1806 |   7 |  374.9 |
       Dungeon |   2391 |   2359 |     32 |    214 |   1603 |   6 |  398.5 |
        Temple |    232 |    230 |      2 |      0 |    203 |   1 |  232.0 |
               +--------+--------+--------+--------+--------+-----+--------+

Top non-repeatable levels by time:
     D:2: 832 daAuts
     D:1: 667 daAuts
     D:5: 488 daAuts
     D:3: 277 daAuts
  Temple: 232 daAuts
     D:4: 84 daAuts
     D:6: 40 daAuts
